 Dungeon Crawl Stone Soup version 0.29.1-12-g30fa7ad0bf (webtiles) character file.

Game seed: 14329290340615240882

41 Gabide the Magician (level 3, -4/28 HPs)
             Began as a Mummy Wanderer on Dec 28, 2022.
             Killed from afar by Natasha (6 damage)
             ... with a magic dart
             ... on level 2 of the Dungeon.
             The game lasted 00:03:36 (2003 turns).

Gabide the Magician (Mummy Wanderer)                Turns: 2003, Time: 00:03:36

Health: -4/28      AC:  2    Str: 12    XL:     3   Next: 32%
Magic:  1/9        EV: 10    Int: 17    God:
Gold:   59         SH:  4    Dex: 10    Spells: 11/12 levels left

rFire   x . .      SeeInvis .   i - +0 short sword
rCold   + . .      Faith    .   b - +0 buckler
rNeg    + + +      Spirit   .   d - +0 robe
rPois   ∞          Reflect  .   (no helmet)
rElec   .          Harm     .   (no cloak)
rCorr   .          Rampage  .   (no gloves)
Will    .....                   (no boots)
Stlth   +.........              (no amulet)
HPRegen 0.09/turn               (no ring)
MPRegen 0.11/turn               (no ring)

@: very slightly contaminated
A: cold resistance 1, negative energy resistance 3, torment resistance 2, heat
vulnerability 1, in touch with death 1, no potions
a: no special abilities


You were on level 2 of the Dungeon.
You visited 1 branch of the dungeon, and saw 2 of its levels.

You collected 59 gold pieces.

Inventory:

Hand Weapons
 i - a +0 short sword (weapon)
Missiles
 f - 3 silver javelins
 g - 3 atropa-tipped darts
Armour
 b - a +0 buckler (worn)
 d - a +0 robe (worn)
Scrolls
 a - a scroll of amnesia {unknown}
 c - 2 scrolls of butterflies
 e - 2 scrolls of teleportation
 h - a scroll of enchant armour {unknown}
 j - a scroll of identify {unknown}
 k - a scroll of immolation {unknown}


   Skills:
 + Level 2.6 Fighting
 - Level 1.0 Throwing
 - Level 3.0 Shields
 - Level 5.3 Spellcasting


You had 11 spell levels left.
You knew the following spells:

 Your Spells              Type           Power      Damage    Failure   Level
a - Foxfire               Conj/Fire      16%        2x1d4     19%         1

Your spell library contained the following spells:

 Spells                   Type           Power      Damage    Failure   Level
 Freeze                   Ice            16%        1d4       19%         1
 Conjure Flame            Conj/Fire      4%         6-21      50%         3
 Lesser Beckoning         Tloc           4%         N/A       50%         3


Dungeon Overview and Level Annotations

Branches:
Dungeon (2/15)

Altars:

Shops:
D:1 (

Annotations:
D:2 Natasha


Innate Abilities, Weirdness & Mutations

You are immune to poison.
Your flesh is cold resistant. (rC+)
You are immune to negative energy. (rN+++)
You are immune to unholy pain and torment.
You are vulnerable to heat. (rF-)
You are in touch with the powers of death.
You do not drink.


Message History

You conjure some foxfire!
Natasha barely misses you.
You conjure some foxfire!
The foxfire hits Natasha.
Natasha is moderately wounded.
The foxfire hits Natasha.
Natasha is moderately wounded.
Natasha mewls in sadness.
Natasha claws you!
You barely miss Natasha.
Natasha is moderately wounded.
Natasha mewls in sadness.
Natasha claws you!
You are too injured to fight recklessly!
Your foxfire dissipates!
Natasha extends her claws.
There is a stone staircase leading up here.
Natasha mumbles some strange words.
Casting: Foxfire (safe; 19% risk of failure)
Press: ? - help, Q - select action, (/) - cycle Dir - look around, f - activate You conjure some foxfire!
Natasha claws you but does no damage.
Casting: Foxfire (safe; 19% risk of failure)
Press: ? - help, Q - select action, (/) - cycle Dir - look around, f - activate You miscast Foxfire.
Nothing appears to happen.
The foxfire hits Natasha.
Natasha is heavily wounded.
The foxfire hits Natasha.
Natasha is severely wounded.
Natasha claws you but does no damage.
Casting: Foxfire (safe; 19% risk of failure)
Press: ? - help, Q - select action, (/) - cycle Dir - look around, f - activate You conjure some foxfire!
Natasha stares at you and mumbles some strange words.
The magic dart hits you!
* * * LOW HITPOINT WARNING * * *
Your foxfire dissipates!
The foxfire hits Natasha.
Natasha is severely wounded.
Natasha casts a spell at you. The magic dart hits you.
You die...

######.######..#.#
#........# #..#.#
#.#####..#####....#
#..........##
#...####.#.#
#...#....#.#
#...#.#..#.##
########...#.§÷....#
#..........#.@.)#..#
#.#######..#.##h#..#
#.### #..........#
#.#.###########.#.##
#.#.............#.#
#.#.##########..#.#
#.#.# ####..#.#
#.#.#.# #.....#.#
#.#.#.# #.##..#.#


You could see Natasha.

Vanquished Creatures
  A dart slug (D:1)
  5 bats
  An endoplasm (D:2)
  2 giant cockroaches (D:1)
  5 goblins
  5 hobgoblins (D:1)
  2 quokkas (D:1)
  3 ball pythons
  2 frilled lizards
  3 kobolds
  9 rats (D:1)
38 creatures vanquished.

Vanquished Creatures (others)
  121 foxfires
121 creatures vanquished.

Grand Total: 159 creatures vanquished

Notes
Turn   | Place    | Note
-------+----------+-------------------------------------------
     0 | D:1      | Gabide the Mummy Wanderer began the quest for the Orb.
     0 | D:1      | Gabide set off with the following items: a +0 club, a +0
                  | buckler, a scroll of butterflies, a +0 robe, a scroll of
                  | teleportation; and the following spells available to
                  | memorise: Foxfire, Freeze, Conjure Flame, Lesser Beckoning.
     0 | D:1      | Reached XP level 1. HP: 15/15 MP: 6/6
     2 | D:1      | Learned a level 1 spell: Foxfire
   132 | D:1      | Found Papuaph's Antique Weapon Shop.
   433 | D:1      | Reached XP level 2. HP: 17/21 MP: 1/8
  1169 | D:1      | Gained mutation: You are in touch with the powers of death.
                  | [Mummy growth]
  1169 | D:1      | Reached XP level 3. HP: 27/27 MP: 4/9
  1989 | D:2      | Noticed Natasha
  2003 | D:2      | Killed from afar by Natasha

Illustrated notes

Levels and vault maps discovered:
D:1:      dpeg_arrival_ratfight, layout_loops_ring, serial_shops, shop,
          dk_noncrumbling_3
D:2:      layout_basic, uniq_natasha

Skill      XL: |  1  2 |
---------------+-------+-----
Shields        | 3 |  3.0
Fighting       | 2 |  2.6
Throwing       | |  1.0
Spellcasting   | |  5.3

Action                   || total
-------------------------++-------
Melee: Short sword       ||    23
       Club              ||     2
 Cast: Foxfire           ||    90
Armor: Robe              ||    17
Dodge: Dodged            ||    27
Block: Buckler           ||    11
